 Dungeon Crawl Stone Soup version 0.30.1-9-gdf580d7c3d (webtiles) character file.

Game seed: 16500916754447461220

405 OrthodoxDeviant the Gusty (level 6, -9/32 HPs)
             Began as a Tengu Air Elementalist on Oct 4, 2023.
             Mangled by a kobold brigand
             ... wielding a +0 short sword
              (10 damage)
             ... in a sewer on Oct 9, 2023.
             The game lasted 00:16:58 (3806 turns).

OrthodoxDeviant the Gusty (Tengu Air Elementalist)  Turns: 3806, Time: 00:16:58

Health: -9/32      AC:  2    Str:  8    XL:     6   Next: 87%
Magic:  2/13       EV: 14    Int: 18    God:
Gold:   109        SH:  0    Dex: 14    Spells: 3/13 levels left

rFire   . . .        j - +0 rapier
rCold   . . .        (no shield)
rNeg    . . .        a - +0 robe
rPois   .            (helmet restricted)
rElec   .            (no cloak)
rCorr   .            (no gloves)
SInv    .            (boots unavailable)
Will    .....        (no amulet)
Stlth   ++           (no ring)
HPRegen 0.25/turn    (no ring)
MPRegen 0.13/turn

%: no passive effects
@: mighty, brilliant, lethally poisoned (-9 -> -12), flying quickly and
evasively, very slightly contaminated, quick
A: beak, talons 3, nimble flight
a: no special abilities


You were in a sewer.
You visited 1 branch of the dungeon, and saw 4 of its levels.
You also visited: Sewer.

You collected 109 gold pieces.

Inventory:

Hand Weapons
 j - a +0 rapier (weapon)
Missiles
 h - 3 boomerangs
Armour
 a - a +0 robe (worn)
Jewellery
 d - a ring of poison resistance
Wands
 c - a wand of light (11)
Scrolls
 k - a scroll of amnesia
 l - a scroll of teleportation {unknown}
 n - a scroll of fear {unknown}
 s - a scroll of brand weapon {unknown}
Potions
 b - a potion of magic
 f - 4 potions of berserk rage
 m - 2 potions of ambrosia
 p - 2 potions of curing {unknown}
 q - a potion of invisibility {unknown}
 r - 2 potions of mutation {unknown}
 t - a potion of haste {unknown}


   Skills:
 - Level 2.2 Dodging
 - Level 2.1 Stealth
 + Level 4.0 Spellcasting
 - Level 3.4 Conjurations
 * Level 7.6 Air Magic


You had 3 spell levels left.
You knew the following spells:

 Your Spells              Type           Power      Damage    Failure   Level
a - Shock                 Conj/Air       100%       1d9       1%          1
b - Static Discharge      Conj/Air       70%        2-5/arc   2%          2
c - Swiftness             Air            46%        N/A       1%          3
d - Airstrike             Air            23%        2d(4-20)  6%          4

Your spell library contained the following spells:

 Spells                   Type           Power      Damage    Failure   Level
 Magic Dart               Conj           96%        1d7       3%          1
 Poisonous Vapours        Pois/Air       52%        N/A       4%          2
 Mephitic Cloud           Conj/Pois/Air  25%        N/A       10%         3
 Sting                    Tmut/Pois      20%        1d4       14%         1
 Call Imp                 Summ           10%        N/A       22%         2
 Gell's Gravitas          Tloc           5%         N/A       41%         3
 Ozocubu's Armour         Ice            5%         N/A       41%         3
 Teleport Other           Tloc           5%         N/A       41%         3
 Olgreb's Toxic Radiance  Pois           5%         N/A       82%         4
 Metabolic Englaciation   Hex/Ice        2%         N/A       99%         5
 Dispersal                Tloc           2%         N/A       100%        6
 Simulacrum               Ice/Necr       2%         N/A       100%        6


Dungeon Overview and Level Annotations

Branches:
Dungeon (4/15)              Sewer (1/1)
 Temple: D:4-7

Altars:
Xom

Shops:
D:3 [


Innate Abilities, Weirdness & Mutations

You have a beak for a mouth.
You have claws for feet.
Your magical nature lets you fly swiftly and evasively.


Message History

Unknown command.
Casting: Shock (safe; 1% risk of failure)
Confirm with . or Enter, or press ? or * to list all spells.
Aiming: Shock (safe; 1% risk of failure)
Press: ? - help, Shift-Dir - straight line The zap misses the kobold brigand.
The zap hits the kobold brigand.
The kobold brigand is moderately wounded.
The zap hits the kobold brigand!
The kobold brigand is severely wounded.
The zap hits the kobold brigand!
You kill the kobold brigand!
The kobold brigand hits you with a +0 short sword.
The kobold brigand throws a poisoned dart.
The poisoned dart barely misses you.
Your Spellcasting skill increases to level 4!
Unknown command.
Unknown command.
Unknown command.
As you read the scroll labelled HAWUOZ FALA, it crumbles to dust.
The creatures around you are filled with an inner flame!
It was a scroll of immolation.
The kobold brigand barely misses you.
The kobold brigand throws a poisoned dart.
The poisoned dart hits you!
You are poisoned.
It was a potion of might.
You feel very mighty all of a sudden.
You feel sick.
The kobold brigand hits you with a +0 short sword.
* * * LOW HITPOINT WARNING * * *
It was a potion of flight.
You feel more buoyant.
* * * LOW HITPOINT WARNING * * *
You feel sick. The kobold brigand barely misses you.
The kobold brigand closely misses you.
It was a potion of brilliance.
You feel clever all of a sudden.
* * * LOW HITPOINT WARNING * * *
You feel sick.
The kobold brigand hits you with a +0 short sword!
You die...

### #### ###.####..#
#####..........
###..............
#................ ####
##.........†......
#.!.?#@)...............
#!...KK~~...~~~..†....~
#.∩.!')~....~~~~~~...~P
#....#~~~.~~~~~~~P..P~~
##############~#######~
#~~~~~~~~~†~~~~~~~~~
#≈~≈≈≈≈≈~≈≈≈≈≈~≈≈≈≈≈
#~~~~~~~~~~~~~~~~~~~
######~##########~~~~##


You could see 2 kobold brigands.

Vanquished Creatures
  3 kobold brigands (Sewer)
  Natasha (thrice) (D:2)
  An iguana (D:4)
  3 adders
  A white imp (D:4)
  2 dart slugs
  2 orcs (D:3)
  6 bats
  5 endoplasms
  7 giant cockroaches
  4 goblins
  A hobgoblin (D:2)
  4 quokkas (D:4)
  5 ball pythons
  3 frilled lizards
  12 kobolds
  8 rats
70 creatures vanquished.

Notes
Turn   | Place    | Note
-------+----------+-------------------------------------------
     0 | D:1      | OrthodoxDeviant the Tengu Air Elementalist began the quest
                  | for the Orb.
     0 | D:1      | Reached XP level 1. HP: 10/10 MP: 4/4
   306 | D:1      | Reached XP level 2. HP: 10/15 MP: 0/6
  1361 | D:2      | Found a shimmering altar of Xom.
  1486 | D:2      | Found a faded altar of an unknown god.
  1486 | D:2      | Noticed Natasha
  1732 | D:1      | Learned a level 2 spell: Static Discharge
  1782 | D:2      | Reached XP level 3. HP: 12/19 MP: 1/7
  1924 | D:2      | Killed Natasha
  1925 | D:2      | Reached skill level 5 in Air Magic
  2061 | D:2      | Reached XP level 4. HP: 24/24 MP: 5/8
  2095 | D:2      | Noticed Natasha
  2100 | D:2      | Killed Natasha
  2107 | D:2      | Noticed Natasha
  2116 | D:2      | Killed Natasha
  2239 | D:2      | Gained mutation: Your magical nature lets you fly swiftly
                  | and evasively. [Tengu growth]
  2239 | D:2      | Reached XP level 5. HP: 28/28 MP: 5/10
  2562 | D:3      | Found Ucvidem's Antique Armour Shoppe.
  2979 | D:4      | Learned a level 3 spell: Swiftness
  2984 | D:4      | Learned a level 4 spell: Airstrike
  3161 | D:4      | Noticed a phantom
  3210 | D:4      | Reached skill level 6 in Air Magic
  3320 | D:4      | Found a glowing drain.
  3324 | Sewer    | Entered a sewer
  3354 | Sewer    | Noticed a kobold brigand
  3446 | Sewer    | Killed a kobold brigand
  3447 | Sewer    | Reached XP level 6. HP: 26/32 MP: 4/12
  3801 | Sewer    | Reached skill level 7 in Air Magic
  3805 | Sewer    | HP: 1/32 [poisoned by a kobold brigand]
  3806 | Sewer    | Mangled by a kobold brigand

Illustrated notes

Levels and vault maps discovered:
D:1:      scummos_arrival_simple_crosswalls, layout_basic
D:2:      layout_basic, chequers_ecumenical_altar_simple, basic_altar,
          uniq_natasha
D:3:      layout_rooms, serial_shops, shop
D:4:      layout_basic, nicolae_hepliaklqana_ecumenical_no_more,
          mainiacjoe_overflow_swirl, gup_sewer_entry_spiral,
          chequers_serial_rivers_small_b, uniq_ijyb
Sewer:    kennysheep_pipe_town

Skill      XL: |  1  2  3  4  5  6 |
---------------+-------------------+-----
Conjurations   | 2 3 |  3.4
Air Magic      | 5 6 7 |  7.6
Spellcasting   | 3 4 |  4.0
Dodging        | |  2.2
Stealth        | |  2.1

Action                     |  1- 3 |  4- 6 || total
---------------------------+-------+-------++-------
  Melee: Unarmed           |     5 |       ||     5
         Peck              |     2 |       ||     2
         Kick              |     1 |     1 ||     2
         Rapier            |       |     3 ||     3
   Cast: Shock             |    49 |    90 ||   139
         Static Discharge  |     1 |     5 ||     6
    Use: Scroll            |       |     4 ||     4
         Potion            |       |     3 ||     3
  Dodge: Dodged            |     7 |    14 ||    21
